 Dungeon Crawl Stone Soup version 0.29-a0-982-gaed3a0c8d8 (webtiles) character file.

Game seed: 3879140512223540575

11302 BleedingAnus the Severer (level 11, -1/99 HPs)
             Began as a Hill Orc Monk on Aug 1, 2022.
             Was a High Priest of Beogh.
             Slain by a seven-headed hydra (12 damage)
             ... on level 12 of the Dungeon on Aug 2, 2022.
             The game lasted 01:08:07 (14129 turns).

BleedingAnus the Severer (Hill Orc Monk)           Turns: 14129, Time: 01:08:08

Health: -1/99      AC: 22    Str: 19    XL:     11   Next: 75%
Magic:  18/18      EV: 10    Int: 10    God:    Beogh [*****.]
Gold:   1698       SH:  0    Dex: 13    Spells: 10/10 levels left

rFire   + + +      SeeInvis .   B - +9 glaive of Light {vorpal, rElec rF+ rN+ Will+}
rCold   x . .      Faith    .   (shield currently unavailable)
rNeg    + . .      Spirit   .   q - +6 fire dragon scales of the Louse {rElec rF++ rC-}
rPois   .          Reflect  .   v - +0 helmet
rElec   +          Harm     .   (no cloak)
rCorr   .          Rampage  .   (no gloves)
Will    +....                   Q - +2 pair of boots {Fly}
Stlth   ..........              (no amulet)
HPRegen 0.26/turn               (no ring)
MPRegen 0.16/turn               (no ring)

@: about to teleport, flying
A: walk on water
a: Renounce Religion, Smiting, Recall Orcish Followers, Give Item to Named
Follower


You were on level 12 of the Dungeon.
You worshipped Beogh.
Beogh was extremely pleased with you.
You visited 1 branch of the dungeon, and saw 12 of its levels.
You visited the Abyss 1 time.
You also visited: Sewer, Bailey and Gauntlet.

You collected 1866 gold pieces.
You spent 168 gold pieces at shops.

Inventory:

Hand Weapons
 a - a +0 hand axe
 s - a +0 broad axe
 u - a +4 hand axe of electrocution
 y - a +0 halberd
 B - the +9 glaive of Light (weapon) {vorpal, rElec rF+ rN+ Will+}
   (You found it on level 7 of the Dungeon)

   It inflicts extra damage upon your enemies.
   rF:        It protects you from fire.
   rElec:     It insulates you from electricity.
   rN:        It protects you from negative energy.
   Will:      It increases your willpower.
 C - a +2 spear of venom
Missiles
 f - 3 atropa-tipped darts (quivered)
 E - 9 poisoned darts
 N - a throwing net
Armour
 b - a +0 robe
 d - a +0 ring mail of fire resistance
 q - the +6 fire dragon scales of the Louse (worn) {rElec rF++ rC-}
   (You found it in a sewer)

   rF:        It greatly protects you from fire.
   rC:        It makes you vulnerable to cold.
   rElec:     It insulates you from electricity.
 v - a +0 helmet (worn)
 D - a +4 plate armour of poison resistance
 P - a +0 chain mail of poison resistance
 Q - a +2 pair of boots of flying (worn)
 S - a +0 plate armour
 T - the +0 pair of boots "Zivaxo Zisi" {rC+}
   (You found it on level 11 of the Dungeon)

   rC:        It protects you from cold.
Jewellery
 h - a ring of ice
 A - a ring of resist corrosion
 G - a ring of poison resistance
 R - a ring of flight
Wands
 z - a wand of polymorph (11)
 K - a wand of roots (23)
Scrolls
 e - 5 scrolls of teleportation
 p - 3 scrolls of blinking
 w - a scroll of fear
 I - 3 scrolls of torment
 J - a scroll of poison
 O - a scroll of enchant armour
Potions
 c - 2 potions of ambrosia
 g - 4 potions of flight
 i - 4 potions of lignification {unknown}
 j - 3 potions of might {unknown}
 k - 7 potions of heal wounds
 l - a potion of attraction
 m - 2 potions of cancellation
 n - 3 potions of mutation
 r - 3 potions of invisibility
 t - 4 potions of brilliance {unknown}
 x - a potion of berserk rage {unknown}
 L - 6 potions of curing
 M - 2 potions of haste {unknown}
Miscellaneous
 F - a lightning rod (inert)


   Skills:
 + Level 9.8 Fighting
 + Level 15.4 Axes
 + Level 9.6 Armour
 - Level 2.4 Dodging
 - Level 1.5 Stealth
 * Level 10.4 Invocations
 + Level 1.1 Evocations


You had 10 spell levels left.
You didn't know any spells.
Your spell library contained the following spells:

 Spells                   Type           Power      Damage    Failure   Level
 Beastly Appendage        Tmut           0%         N/A       75%         1
 Magic Dart               Conj           0%         1d3       75%         1
 Shock                    Conj/Air       0%         1d3       75%         1
 Blink                    Tloc           0%         N/A       86%         2
 Call Imp                 Summ           0%         N/A       86%         2
 Searing Ray              Conj           0%         2d4       86%         2
 Wereblood                Tmut           0%         N/A       86%         2
 Mephitic Cloud           Conj/Pois/Air  0%         N/A       98%         3
 Portal Projectile        Hex/Tloc       0%         N/A       98%         3
 Spider Form              Tmut/Pois      0%         N/A       98%         3
 Swiftness                Air            0%         N/A       98%         3
 Tukima's Dance           Hex            0%         N/A       98%         3
 Airstrike                Air            0%         0-1+      100%        4
 Fulminant Prism          Conj/Hex       0%         3d6       100%        4
 Hailstorm                Conj/Ice       0%         3d3       100%        4
 Ice Form                 Ice/Tmut       0%         N/A       100%        4
 Blade Hands              Tmut           0%         N/A       100%        5
 Manifold Assault         Tloc           0%         N/A       100%        5
 Simulacrum               Ice/Necr       0%         N/A       100%        6
 Storm Form               Tmut/Air       0%         N/A       100%        7


Dungeon Overview and Level Annotations

Branches:
Dungeon (12/15)            Temple (0/1) D:6            Lair (0/5) D:9
    Orc (0/2) D:9           Sewer (visited)          Bailey (visited)
Gauntlet (visited)

Altars:
Ashenzari
Fedhas
Gozag
Hepliaklqana
Kikubaaqudgha
Nemelex Xobeh
Okawaru
Uskayaw
Vehumet
Wu Jian
Xom
Zin

Shops:
D:3 !   D:4 (??   D:10 *

Annotations:
D:2 Terence
D:4 Sigmund
D:6 1 runed translucent door, valliere's ghost, novice OpCj
D:11 3 runed translucent doors, ytrimaz's ghost, journeyman OpSu


Message History

Orders for allies: a - Attack new target. p - Attack previous target. r - Retreat! s - Stop attacking. g - Guard the area. f - Follow me.
Anything else - Cancel.
Retreat in which direction?
Press: ? - help, Dir - move target, p - seven-headed hydra Fall back!
You barely miss the seven-headed hydra. The seven-headed hydra bites you! x2
The seven-headed hydra bites you but does no damage. x2
The seven-headed hydra bites you!
The seven-headed hydra bites you but does no damage.
The seven-headed hydra barely misses you.
The barbs in your skin will harm you if you move.
Continue?
Okay, then.
As you read the scroll of teleportation, it crumbles to dust.
You feel strangely unstable.
The seven-headed hydra bites you but does no damage.
The seven-headed hydra bites you. x2
The seven-headed hydra bites you but does no damage. x2
The seven-headed hydra misses you. The seven-headed hydra bites you.
The manticore bites you! The manticore claws you!
The manticore claws you but does no damage.
You slice the manticore!!
The manticore is heavily wounded.
You carefully extract the barbed spikes from your body.
The seven-headed hydra closely misses you. x2
The seven-headed hydra misses you.
The seven-headed hydra bites you but does no damage. x3
The seven-headed hydra bites you. The manticore closely misses you.
The manticore claws you but does no damage.
The manticore closely misses you.
The seven-headed hydra bites you but does no damage. x2
The seven-headed hydra bites you!
* * * LOW HITPOINT WARNING * * *
The seven-headed hydra bites you but does no damage.
The seven-headed hydra bites you!
* * * LOW HITPOINT WARNING * * *
The seven-headed hydra bites you but does no damage.
The seven-headed hydra bites you!
You die...

####### ....... ....... ......#
#### ####### ......#
...######.....###......#
................D.$....+
###.......oo....@H.....+
..#........###+###.....#
..#........# ....# ..#..[.....#
.... ..'........# ...
..###......# .. ..o.#......# .
....#......#
....#......#######....#+###......


You could see a seven-headed hydra, a manticore, the friendly Orik the orc
knight and a friendly orc warrior.

Vanquished Creatures
  A hydra (D:11)
  An ogre mage (D:7)
  A two-headed ogre (D:7)
  A wizard (D:7)
  3 slime creatures (D:12)
  A gargoyle (D:11)
  A troll (D:10)
  A shadow (D:10)
  A wraith (D:9)
  A yak (D:9)
  A steam dragon (D:7)
  A vampire mosquito (D:11)
  5 orc warriors (Bailey)
  4 centaurs
  A phantom (D:6)
  A kobold brigand (D:8)
  4 bullfrogs
  3 necrophages
  A scorpion (D:9)
  5 wights
  6 killer bees
  4 howler monkeys
  3 bullfrog zombies (D:6)
  A human zombie (D:6)
  3 gnoll boudas
  2 orc priests (D:5)
  An iguana (D:5)
  5 orc wizards
  Natasha (D:2)
  A mummy (D:6)
  9 gnolls
  12 adders
  2 worms
  3 dart slugs
  11 orcs
  3 endoplasms
  11 giant cockroaches
  5 goblins
  8 hobgoblins
  7 quokkas
  17 ball pythons
  8 bats
  9 frilled lizards
  14 kobolds
  7 rats
191 creatures vanquished.

Vanquished Creatures (collateral kills)
  2 two-headed ogres (D:11)
  An ogre mage (D:7)
  A deep elf pyromancer (D:12)
  A cyclops (D:12)
  3 trolls
  2 slime creatures
  6 wraiths
  2 yaks
  3 steam dragons
  2 vampire mosquitoes (D:11)
  5 water moccasins
  2 ice beasts
  3 black bears
  2 centaurs
  A kobold brigand (D:7)
  A bullfrog (D:7)
  A gnoll sergeant (D:9)
  A necrophage (D:6)
  A wyvern zombie (D:6)
  3 scorpions
  5 wights
  7 killer bees
  2 howler monkeys (D:7)
  A centaur zombie (D:6)
  A bullfrog zombie (D:6)
  An iguana (D:7)
  3 orc wizards
  2 gnolls (D:9)
  A shadow imp (D:8)
  2 white imps
  2 orcs
  3 goblins (D:10)
  A hobgoblin (Bailey)
  6 kobolds
80 creatures vanquished.

Vanquished Creatures (others)
  An orc knight (D:7)
  2 orc wizards
  An adder (D:3)
  11 orcs
  An endoplasm (D:3)
  A quokka (D:3)
  2 frilled lizards (D:3)
  A goblin (D:3)
  A kobold (D:3)
  43 fungi
  59 plants
123 creatures vanquished.

Grand Total: 394 creatures vanquished

Notes
Turn   | Place    | Note
-------+----------+-------------------------------------------
     0 | D:1      | BleedingAnus the Hill Orc Monk began the quest for the Orb.
     0 | D:1      | Reached XP level 1. HP: 19/19 MP: 1/1
   392 | D:1      | Reached XP level 2. HP: 6/27 MP: 2/2
  1229 | D:2      | Reached skill level 5 in Axes
  1229 | D:2      | Reached XP level 3. HP: 26/33 MP: 3/3
  1664 | D:2      | Reached XP level 4. HP: 41/41 MP: 4/4
  1732 | D:2      | Noticed Natasha
  1963 | D:2      | Noticed Terence
  2154 | D:2      | Killed Natasha
  2155 | D:2      | Reached skill level 1 in Armour
  2234 | D:3      | Became a worshipper of Beogh the Brigand
  2234 | D:3      | Reached * piety under Beogh
  2234 | D:3      | Reached ** piety under Beogh
  2525 | D:3      | Reached XP level 5. HP: 36/47 MP: 5/5
  2550 | D:3      | Reached skill level 6 in Axes
  2782 | D:3      | Found Muegah's Distillery.
  3093 | D:3      | Bought a potion of attraction for 36 gold pieces
  3093 | D:3      | Bought a potion of mutation for 96 gold pieces
  3093 | D:3      | Bought a potion of flight for 36 gold pieces
  3150 | D:4      | Found Tiyteqeo's Magic Scroll Boutique.
  3155 | D:4      | Found Puuph's Antique Weapon Boutique.
  3156 | D:4      | Found a hazy altar of Hepliaklqana.
  3197 | D:4      | Noticed Sigmund
  3446 | D:4      | Found Meimabeh's Magic Scroll Shop.
  3461 | D:4      | You fall into a shaft and drop 2 floors!
  3463 | D:6      | Noticed a phantom
  3465 | D:5      | Entered Level 5 of the Dungeon
  3629 | D:4      | Reached skill level 5 in Fighting
  3727 | D:4      | Found a glowing drain.
  3788 | Sewer    | Entered a sewer
  3911 | Sewer    | Reached skill level 1 in Invocations
  4128 | Sewer    | Reached XP level 6. HP: 55/56 MP: 6/6
  4191 | Sewer    | Reached *** piety under Beogh
  4234 | Sewer    | Reached skill level 7 in Axes
  4303 | Sewer    | Identified the +6 fire dragon scales of the Louse {rElec
                  | rF++ rC-}
  4551 | D:4      | Found a hide-covered altar of Uskayaw.
  4551 | D:4      | Found an iron altar of Okawaru.
  4624 | D:4      | Found a blossoming altar of Fedhas.
  5069 | D:5      | Reached XP level 7. HP: 60/61 MP: 7/9
  5339 | D:5      | Found an ornate altar of the Wu Jian Council.
  5375 | D:5      | Found a broken altar of Ashenzari.
  5742 | D:6      | Noticed valliere's ghost (novice OpCj)
  5803 | D:5      | Reached skill level 8 in Axes
  5944 | D:6      | Found a runed translucent door.
  6116 | D:6      | Found a staircase to the Ecumenical Temple.
  6284 | D:6      | Reached XP level 8. HP: 68/70 MP: 10/10
  6328 | D:6      | Reached skill level 9 in Axes
  6625 | D:6      | Gained Zartorak as an ally
  6629 | D:6      | Found an ancient bone altar of Kikubaaqudgha.
  6636 | D:6      | Reached **** piety under Beogh
  7087 | D:6      | Reached skill level 5 in Armour
  7098 | D:7      | Noticed a wizard
  7099 | Abyss:2  | Cast into level 2 of the Abyss (a wizard)
  7118 | Abyss:2  | Noticed a smoke demon
  7135 | D:7      | Escaped the Abyss
  7409 | D:7      | Reached skill level 5 in Invocations
  7458 | D:7      | Reached skill level 10 in Axes
  7523 | D:7      | Killed a wizard
  7524 | D:7      | Reached XP level 9. HP: 64/78 MP: 5/13
  7616 | D:7      | Reached skill level 11 in Axes
  7696 | D:7      | Gained Orik as an ally
  7767 | D:7      | Noticed a troll
  7771 | D:7      | Noticed a two-headed ogre
  7772 | D:7      | Killed a troll
  7779 | D:7      | Killed a two-headed ogre
  7793 | D:7      | Reached skill level 12 in Axes
  7854 | D:7      | Noticed an ogre mage
  7857 | D:7      | Killed an ogre mage
  7858 | D:7      | Reached XP level 10. HP: 65/88 MP: 5/15
  7965 | D:7      | Identified the +9 glaive of Light {vorpal, rElec rF+ rN+
                  | Will+}
  8160 | D:7      | Found a sparkling altar of Nemelex Xobeh.
  8224 | D:7      | Noticed an ogre mage
  8231 | D:7      | Your ally Zartorak died
  8232 | D:7      | Killed an ogre mage
  8470 | D:7      | Reached skill level 13 in Axes
  9595 | D:9      | Found a staircase to the Orcish Mines.
  9624 | D:9      | Found a shimmering altar of Xom.
  9762 | D:9      | Found a glowing silver altar of Zin.
 10237 | D:9      | Found an opulent altar of Gozag.
 10341 | D:9      | Found a staircase to the Lair.
 10392 | D:9      | Found a radiant altar of Vehumet.
 10411 | D:9      | Reached ***** piety under Beogh
 10412 | D:9      | Reached XP level 11. HP: 95/95 MP: 17/17
 10664 | D:10     | Entered Level 10 of the Dungeon
 10824 | D:10     | Found a flagged portal.
 10842 | Bailey   | Entered a bailey
 10885 | Bailey   | Reached skill level 14 in Axes
 11184 | D:10     | Reached skill level 1 in Evocations
 11534 | D:10     | Found Uveiritt's General Store.
 11859 | D:11     | Noticed a two-headed ogre
 11863 | D:11     | Killed a two-headed ogre
 11963 | D:11     | Identified the +0 pair of boots "Zivaxo Zisi" {rC+}
 11989 | D:11     | Found a runed translucent gate.
 11989 | D:11     | Found a runed translucent gate.
 11990 | D:11     | Found a runed translucent gate.
 11991 | D:11     | Noticed ytrimaz's ghost (journeyman OpSu)
 11991 | D:11     | Noticed a nine-headed hydra
 12056 | D:11     | Noticed a two-headed ogre
 12062 | D:11     | Killed a two-headed ogre
 12072 | D:11     | Found a gate leading to a gauntlet.
 12083 | Gauntlet | Entered a Gauntlet
 12083 | Gauntlet | Found a transporter.
 12083 | Gauntlet | Found a transporter.
 12090 | Gauntlet | Found a transporter.
 12103 | Gauntlet | Found a transporter.
 12119 | Gauntlet | Found a transporter.
 12128 | Gauntlet | Found the +2 cloak of the Thief {*Fog Slay-2 SInv Stlth+}
 12132 | Gauntlet | Found a transporter.
 12134 | Gauntlet | Noticed a necromancer
 12202 | Gauntlet | Noticed a fire crab
 12216 | Gauntlet | Found a transporter.
 12225 | Gauntlet | Found a transporter.
 12233 | Gauntlet | Noticed a moth of wrath
 12241 | Gauntlet | Found a transporter.
 12252 | Gauntlet | Found a transporter.
 12256 | Gauntlet | Noticed a catoblepas
 12269 | Gauntlet | Found a transporter.
 12353 | Gauntlet | Found a transporter.
 12353 | Gauntlet | Found a transporter.
 12365 | Gauntlet | Found a transporter.
 12369 | Gauntlet | Noticed a death yak
 12369 | Gauntlet | Noticed a death yak
 12369 | Gauntlet | Noticed a death yak
 12370 | Gauntlet | Noticed a death yak
 12378 | Gauntlet | Found a transporter.
 12401 | Gauntlet | Found a transporter.
 12506 | D:11     | Noticed a seven-headed hydra
 12514 | D:11     | Killed a seven-headed hydra
 12534 | D:11     | Reached skill level 10 in Invocations
 12564 | D:11     | Reached skill level 15 in Axes
 13537 | D:12     | Noticed a cyclops
 13545 | D:12     | Killed a cyclops
 13806 | D:12     | Noticed a deep elf pyromancer
 13813 | D:12     | Killed a deep elf pyromancer
 14122 | D:12     | Noticed a seven-headed hydra
 14124 | D:12     | Noticed a manticore
 14129 | D:12     | Slain by a seven-headed hydra

Illustrated notes

Levels and vault maps discovered:
D:1:      spicycebolla_green_bress_n_ham, layout_loops_ring
D:2:      minmay_evil_eye, layout_loops_cross, uniq_natasha, uniq_terence
D:3:      layout_rooms, serial_shops, nicolae_shop_waterfront
D:4:      layout_cave_pools, mainiacjoe_overflow_catwalk,
          fedhas_altar_fruit_tree, mainiacjoe_overflow_divided_tiny,
          serial_shops, shop, nicolae_inconvenience_store,
          nicolae_stop_n_shop_2, portal_sewer_entry_c, uniq_sigmund
D:5:      layout_cave_pools, mainiacjoe_overflow_boulevard, lemuel_doored_altar
D:6:      layout_rooms, lemuel_mausoleum_altar_kikubaaqudgha, temple_statues,
          hellmonk_ghost_happy_afterlife
D:7:      minmay_the_grid_plus [minmay_the_grid_tri_star,
          minmay_the_grid_diamond_grid, minmay_the_grid_dragon_a,
          minmay_the_grid_minigrid_small,
          minmay_the_grid_prize_shrinking_boxes], layout_rooms,
          nemelex_spade_bored_becter
D:8:      layout_cave_pools, serial_park, serial_park_tiny_2,
          serial_park_square2, serial_park_square3
          [serial_park_minivault_5x5_5], grunt_ministairs_3
D:9:      layout_cave_pools, nicolae_overflow_crystal_walls,
          nicolae_overflow_hidden_temple, mainiacjoe_overflow_cross_hatched,
          mainiacjoe_overflow_concentric_impassable,
          due_lair_maze_entry_diamond, orc_0_dummy
D:10:     layout_loops_corners, enter_bailey_3, serial_shops,
          nicolae_shop_behind_doors
D:11:     layout_loops_ring, gauntlet_entry_generic, gammafunk_ghost_hydra_chop
D:12:     layout_irregular_city

Skill      XL: |  1  2  3  4  5  6  7  8  9 10 11 |
---------------+----------------------------------+-----
Fighting       | 4 5 6 7 8 9 |  9.8
Axes           | 5 6 7 8 10 12 13 15 | 15.4
Armour         | 1 2 3 4 6 7 8 9 |  9.6
Invocations    | 1 2 3 5 7 9 10 | 10.4
Evocations     | 1 |  1.1
Dodging        | |  2.4
Stealth        | |  1.5

Action                   |  1- 3 |  4- 6 |  7- 9 | 10-12 || total
-------------------------+-------+-------+-------+-------++-------
Melee: Hand axe          |    90 |   283 |       |       ||   373
       Punch             |     1 |       |     5 |     3 ||     9
       Broad axe         |       |    12 |   168 |   232 ||   412
       Glaive            |       |       |       |     3 ||     3
Throw: Dart              |       |       |       |     3 ||     3
Invok: Convert to Beogh  |       |     1 |       |       ||     1
       Smiting           |       |       |     5 |     3 ||     8
       Recall Orcish Fol |       |       |     4 |     1 ||     5
Evoke: Lightning rod     |       |       |       |     5 ||     5
  Use: Scroll            |     2 |     9 |     1 |    10 ||    22
 Stab: Distracted        |       |       |     2 |     1 ||     3
Armor: Robe              |     8 |       |       |       ||     8
       Ring mail         |    18 |   136 |       |       ||   154
       Skin              |       |     3 |       |       ||     3
       Fire dragon scale |       |    21 |   120 |   198 ||   339
Dodge: Dodged            |    70 |   261 |    98 |   188 ||   617

Table legend: (Time is in decaauts)
 A = Elapsed time spent in this place.
 B = Non-inter-level travel time spent in this place.
 C = Inter-level travel time spent in this place.
 D = Time resting spent in this place.
 E = Time spent auto-exploring this place.
 F = Levels seen in this place.
 G = Mean time per level.
                   A        B        C        D        E       F      G
               +--------+--------+--------+--------+--------+-----+--------+
         Total |  14237 |  14237 |      0 |   3854 |   3892 |  16 |  889.8 |
       Dungeon |  12673 |  12673 |      0 |   3637 |   3665 |  12 | 1056.1 |
         Abyss |     35 |     35 |      0 |      0 |      0 |   1 |   35.0 |
         Sewer |    815 |    815 |      0 |    217 |    227 |   1 |  815.0 |
        Bailey |    313 |    313 |      0 |      0 |      0 |   1 |  313.0 |
      Gauntlet |    398 |    398 |      0 |      0 |      0 |   1 |  398.0 |
               +--------+--------+--------+--------+--------+-----+--------+

Top non-repeatable levels by time:
     D:6: 1592 daAuts
     D:7: 1479 daAuts
     D:1: 1256 daAuts
     D:2: 1204 daAuts
     D:9: 1072 daAuts
     D:5: 1009 daAuts
     D:3: 974 daAuts
    D:12: 956 daAuts
    D:11: 912 daAuts
    D:10: 875 daAuts
   Sewer: 815 daAuts
     D:8: 750 daAuts
     D:4: 590 daAuts
Gauntlet: 398 daAuts
  Bailey: 313 daAuts
